 Dungeon Crawl Stone Soup version 0.22-a0-181-gb22368a (webtiles) character file.

702 mhoghedin the Ducker (level 7, -8/90 HPs)
             Began as a Gnoll Monk on Feb 14, 2018.
             Was a Priest of Trog.
             Mangled by a gnoll
             ... wielding a +0 halberd
              (12 damage)
             ... on level 5 of the Dungeon.
             The game lasted 00:06:08 (3905 turns).

mhoghedin the Ducker (Gnoll Monk)                   Turns: 3905, Time: 00:06:09

Health: -8/90      AC:  5    Str: 21    XL:     7   Next: 66%
Magic:  10/10      EV: 17    Int: 12    God:    Trog [***...]
Gold:   288        SH:  0    Dex: 17    Spells: 11/11 levels left

rFire    . . .     SeeInvis .   a - +0 falchion
rCold    . . .     Gourm    .   (no shield)
rNeg     . . .     Faith    .   d - +0 robe
rPois    .         Spirit   .   (no helmet)
rElec    .         Reflect  .   f - +2 cloak
rCorr    .         Harm     .   (no gloves)
MR       ++...                  (no boots)
Stlth    ..........             (no amulet)
HPRegen  1.25/turn              (no ring)
MPRegen  0.12/turn              (no ring)

@: berserking, regenerating, very quick
A: distributed training, fangs 1, strong nose
a: Berserk, Trog's Hand, Burn Spellbooks, Renounce Religion


You were on level 5 of the Dungeon.
You worshipped Trog.
Trog was most pleased with you.
You were near starving.

You visited 1 branch of the dungeon, and saw 5 of its levels.

You collected 288 gold pieces.

Inventory:

Hand Weapons
 a - a +0 falchion (weapon)
 b - a +0 blowgun
   (You took it off a kobold on level 3 of the Dungeon)
 m - a +0 whip of electrocution
   (You found it on level 2 of the Dungeon)
Missiles
 g - 7 curare-tipped needles
 r - 9 poisoned needles
Armour
 d - a +0 robe (worn)
 f - a +2 cloak (worn)
   (You found it on level 1 of the Dungeon)
Wands
 p - a wand of paralysis (14)
   (You found it on level 3 of the Dungeon)
Scrolls
 h - a scroll of immolation {unknown}
 i - a scroll of magic mapping {unknown}
 j - 2 scrolls of remove curse {unknown}
 k - a scroll of teleportation {unknown}
 l - 2 scrolls of amnesia {unknown}
 o - 2 scrolls of noise {unknown}
 q - a scroll of enchant armour {unknown}
 t - a scroll of fear {unknown}
 u - a scroll of random uselessness {unknown}
Potions
 e - a potion of degeneration {unknown}
 n - a potion of curing {unknown}
 s - a potion of cancellation {unknown}
Comestibles
 c - 8 rations


   Skills:
 + Level 7.1 Fighting
 + Level 2.6 Short Blades
 + Level 7.1 Long Blades
 + Level 2.6 Axes
 + Level 2.6 Maces & Flails
 + Level 2.6 Polearms
 + Level 2.6 Staves
 + Level 2.6 Slings
 + Level 2.6 Bows
 + Level 2.6 Crossbows
 + Level 2.6 Throwing
 + Level 2.6 Armour
 + Level 7.1 Dodging
 + Level 5.0 Stealth
 + Level 2.6 Shields
 + Level 2.6 Unarmed Combat
 + Level 2.6 Spellcasting
 + Level 2.1 Conjurations
 + Level 2.1 Hexes
 + Level 2.1 Charms
 + Level 2.1 Summonings
 + Level 2.1 Necromancy
 + Level 2.1 Translocations
 + Level 2.1 Transmutations
 + Level 2.1 Fire Magic
 + Level 2.1 Ice Magic
 + Level 2.1 Air Magic
 + Level 2.1 Earth Magic
 + Level 2.1 Poison Magic
 + Level 2.9 Invocations
 + Level 2.6 Evocations


You had 11 spell levels left.
You didn't know any spells.

Dungeon Overview and Level Annotations

Branches:
Dungeon (5/15)
 Temple: D:4-7

Altars:
Elyvilon
Fedhas
Hepliaklqana
Kikubaaqudgha
Makhleb
Qazlal
Sif Muna
Trog
Uskayaw
Vehumet
Wu Jian
Xom
The Shining One

Shops:
D:4 (}}


Innate Abilities, Weirdness & Mutations

Your experience applies equally to all skills.
You have very sharp teeth.
Your uncanny sense of smell can sniff out nearby items.


Message History

You hit the hound. The hound bites you. The crimson imp misses you.
You riposte.
You barely miss the crimson imp.
You take 1 damage, and have 58/60 hp.
You hit the hound but do no damage. The hound barely misses you.
The crimson imp completely misses you.
A gnoll comes into view. It is wielding a club.
You hit the hound but do no damage. The hound closely misses you.
The gnoll closely misses you. The crimson imp closely misses you.
The hound bites you.
You take 1 damage, and have 58/60 hp.
You hit the hound. The hound misses you.
You riposte.
You hit the hound.
You kill the hound!
Trog accepts your kill.
Your Conjurations skill increases to level 2!
Your Hexes skill increases to level 2!
Your Charms skill increases to level 2!
Your Summonings skill increases to level 2!
Your Necromancy skill increases to level 2!
Your Translocations skill increases to level 2!
Your Transmutations skill increases to level 2!
Your Fire Magic skill increases to level 2!
Your Ice Magic skill increases to level 2!
Your Air Magic skill increases to level 2!
Your Earth Magic skill increases to level 2!
Your Poison Magic skill increases to level 2!
The crimson imp blinks!
A gnoll comes into view. It is wielding a club.
A gnoll and Duvessa come into view.
Duvessa shouts!
Duvessa goes berserk!
Duvessa moves out of view.
The gnoll completely misses you.
The gnoll shouts!
Found a stone staircase leading down.
You hear a shout! x2
The gnoll hits you with a club.
You take 4 damage, and have 55/60 hp.
You hear a shout! x2
You hit the gnoll but do no damage. The gnoll completely misses you.
The gnoll hits you from afar with a halberd.
You hear a shout!
You take 3 damage, and have 52/60 hp.
You barely miss the gnoll. The gnoll completely misses you.
You riposte.
You hit the gnoll. You barely miss the gnoll. You punch the gnoll.
The gnoll hits you from afar with a halberd!
The gnoll hits you but does no damage.
You take 17 damage, and have 36/60 hp.
MASSIVE DAMAGE!!
You hit the gnoll but do no damage. The gnoll misses you. x2
Your skin crawls.
You feel resistant to hostile enchantments.
You feel somewhat more hungry. The gnoll hits you with a club!
The gnoll closely misses you.
You take 6 damage, and have 30/60 hp.
Unknown command.
Unknown command.
A red film seems to cover your vision as you go berserk!
You feel yourself moving faster!
You feel mighty!
You are near starving!
The gnoll barely misses you. The gnoll closely misses you.
You riposte.
You barely miss the gnoll.
You kill the gnoll!
Trog accepts your kill.
You now have 47/90 hp.
You feel a strong urge to attack something.
The gnoll shouts!
Duvessa misses you.
You riposte.
You closely miss Duvessa. The gnoll barely misses you.
You see here a club.
You barely miss Duvessa. Duvessa hits you with a short sword!
The gnoll misses you.
You riposte.
You hit the gnoll.
You take 16 damage, and have 32/90 hp.
You slash Duvessa! Duvessa hits you with a short sword.
The gnoll closely misses you.
You take 3 damage, and have 29/90 hp.
You hit Duvessa. Duvessa closely misses you. The gnoll hits you with a club!
* * * LOW HITPOINT WARNING * * *
You take 6 damage, and have 23/90 hp.
You closely miss Duvessa. You bite Duvessa! Duvessa misses you.
You riposte.
You slash Duvessa! The gnoll closely misses you.
You hit Duvessa. Duvessa hits you with a short sword!
* * * LOW HITPOINT WARNING * * *
The gnoll hits you with a club.
* * * LOW HITPOINT WARNING * * *
You take 14 damage, and have 10/90 hp.
You slash Duvessa! Duvessa hits you with a short sword!
* * * LOW HITPOINT WARNING * * *
The gnoll barely misses you.
You take 9 damage, and have 1/90 hp.
You slash Duvessa!
You feel the power of Trog in you as your rage grows.
You kill Duvessa!
Trog accepts your kill. The gnoll closely misses you.
You barely miss the gnoll. The gnoll barely misses you.
You slash the gnoll!
You kill the gnoll!
Trog accepts your kill.
Your Stealth skill increases to level 5!
The gnoll completely misses you. The gnoll hits you with a halberd!
You die...

.># ∆ ..# gg###.#
#.# ....##.### #.#
#####........# #.#
#............# #..
#)###...$....# #..
#)#†5........# #..
#@#.###......###..
#gg.# #...........
#.#.###........... ∆
#.#.#..........####.
#..............# #.
[...............# #.
####.####.......# #.
#.# #......## #. #..
..<....... ..


You could see 2 gnolls.

Vanquished Creatures
  Duvessa (D:5)
  An ogre (D:4)
  2 scorpions (D:5)
  Dowan (D:5)
  A crimson imp (D:4)
  A centaur skeleton (D:5)
  An orc priest (D:4)
  A hound (D:5)
  A hound skeleton (D:4)
  4 gnolls (D:5)
  7 adders
  An ooze (D:3)
  An adder skeleton (D:4)
  3 worms
  3 dart slugs
  2 leopard geckos
  9 orcs
  4 giant cockroaches
  6 goblins
  12 hobgoblins
  20 jackals
  5 kobolds
  8 bats
  3 frilled lizards
  10 rats
108 creatures vanquished.

Vanquished Creatures (others)
  A gnoll (D:5)
1 creature vanquished.

Grand Total: 109 creatures vanquished

Notes
Turn   | Place    | Note
-------+----------+-------------------------------------------
     0 | D:1      | mhoghedin the Gnoll Monk began the quest for the Orb.
     0 | D:1      | Reached XP level 1. HP: 23/23 MP: 1/1
   269 | D:1      | Reached XP level 2. HP: 19/29 MP: 2/2
   287 | D:1      | HP: 7/29 [jackal (1)]
   399 | D:1      | HP: 5/29 [hobgoblin/club (4)]
   889 | D:1      | Reached XP level 3. HP: 35/35 MP: 3/3
  1156 | D:2      | Reached skill level 1 in Invocations
  1259 | D:2      | Reached skill level 1 in Short Blades
  1259 | D:2      | Reached skill level 1 in Axes
  1259 | D:2      | Reached skill level 1 in Maces & Flails
  1259 | D:2      | Reached skill level 1 in Polearms
  1259 | D:2      | Reached skill level 1 in Staves
  1259 | D:2      | Reached skill level 1 in Slings
  1259 | D:2      | Reached skill level 1 in Bows
  1259 | D:2      | Reached skill level 1 in Crossbows
  1259 | D:2      | Reached skill level 1 in Throwing
  1259 | D:2      | Reached skill level 1 in Armour
  1259 | D:2      | Reached skill level 1 in Shields
  1259 | D:2      | Reached skill level 1 in Unarmed Combat
  1259 | D:2      | Reached skill level 1 in Spellcasting
  1259 | D:2      | Reached skill level 1 in Evocations
  1259 | D:2      | Reached XP level 4. HP: 37/41 MP: 5/5
  1575 | D:2      | Found a radiant altar of Vehumet.
  1799 | D:2      | Found a hide-covered altar of Uskayaw.
  1805 | D:2      | Reached skill level 1 in Conjurations
  1805 | D:2      | Reached skill level 1 in Hexes
  1805 | D:2      | Reached skill level 1 in Charms
  1805 | D:2      | Reached skill level 1 in Summonings
  1805 | D:2      | Reached skill level 1 in Necromancy
  1805 | D:2      | Reached skill level 1 in Translocations
  1805 | D:2      | Reached skill level 1 in Transmutations
  1805 | D:2      | Reached skill level 1 in Fire Magic
  1805 | D:2      | Reached skill level 1 in Ice Magic
  1805 | D:2      | Reached skill level 1 in Air Magic
  1805 | D:2      | Reached skill level 1 in Earth Magic
  1805 | D:2      | Reached skill level 1 in Poison Magic
  1944 | D:2      | Noticed a moth of wrath
  1946 | D:2      | Found a bloodstained altar of Trog.
  2013 | D:2      | HP: 10/41 [worm (10)]
  2083 | D:2      | Became a worshipper of Trog the Wrathful
  2083 | D:2      | Reached * piety under Trog
  2083 | D:2      | Reached ** piety under Trog
  2215 | D:3      | Reached XP level 5. HP: 47/47 MP: 6/6
  2228 | D:3      | Noticed a water elemental
  2229 | D:3      | Found a stormy altar of Qazlal.
  2274 | D:3      | Found a white marble altar of Elyvilon.
  2317 | D:3      | Found a deep blue altar of Sif Muna.
  2317 | D:3      | Found an ornate altar of the Wu Jian Council.
  2420 | D:3      | Found a blossoming altar of Fedhas.
  2529 | D:3      | Found a glowing golden altar of the Shining One.
  2544 | D:3      | Found an ancient bone altar of Kikubaaqudgha.
  2551 | D:3      | Noticed a fire elemental
  2566 | D:3      | Noticed an air elemental
  3020 | D:4      | Found Loacuine's Gadget Shop.
  3033 | D:4      | Found Fabatife's Gadget Shop.
  3146 | D:4      | Found Veuwnom's Weapon Emporium.
  3201 | D:4      | Reached XP level 6. HP: 42/53 MP: 8/8
  3205 | D:4      | Reached *** piety under Trog
  3270 | D:4      | Found a hazy altar of Hepliaklqana.
  3285 | D:4      | Reached skill level 2 in Invocations
  3346 | D:4      | Found a shimmering altar of Xom.
  3347 | D:4      | Found a burning altar of Makhleb.
  3357 | D:4      | Reached skill level 2 in Short Blades
  3357 | D:4      | Reached skill level 2 in Axes
  3357 | D:4      | Reached skill level 2 in Maces & Flails
  3357 | D:4      | Reached skill level 2 in Polearms
  3357 | D:4      | Reached skill level 2 in Staves
  3357 | D:4      | Reached skill level 2 in Slings
  3357 | D:4      | Reached skill level 2 in Bows
  3357 | D:4      | Reached skill level 2 in Crossbows
  3357 | D:4      | Reached skill level 2 in Throwing
  3357 | D:4      | Reached skill level 2 in Armour
  3357 | D:4      | Reached skill level 2 in Shields
  3357 | D:4      | Reached skill level 2 in Unarmed Combat
  3357 | D:4      | Reached skill level 2 in Spellcasting
  3357 | D:4      | Reached skill level 2 in Evocations
  3500 | D:5      | Entered Level 5 of the Dungeon
  3533 | D:5      | Noticed Dowan
  3578 | D:5      | Killed Dowan
  3578 | D:5      | Reached XP level 7. HP: 38/59 MP: 10/10
  3776 | D:5      | Reached skill level 7 in Fighting
  3776 | D:5      | Reached skill level 7 in Long Blades
  3776 | D:5      | Reached skill level 7 in Dodging
  3881 | D:5      | Reached skill level 2 in Conjurations
  3881 | D:5      | Reached skill level 2 in Hexes
  3881 | D:5      | Reached skill level 2 in Charms
  3881 | D:5      | Reached skill level 2 in Summonings
  3881 | D:5      | Reached skill level 2 in Necromancy
  3881 | D:5      | Reached skill level 2 in Translocations
  3881 | D:5      | Reached skill level 2 in Transmutations
  3881 | D:5      | Reached skill level 2 in Fire Magic
  3881 | D:5      | Reached skill level 2 in Ice Magic
  3881 | D:5      | Reached skill level 2 in Air Magic
  3881 | D:5      | Reached skill level 2 in Earth Magic
  3881 | D:5      | Reached skill level 2 in Poison Magic
  3882 | D:5      | Noticed Duvessa
  3900 | D:5      | HP: 15/90 [Duvessa/short sword (9)]
  3901 | D:5      | HP: 1/90 [Duvessa/short sword (10)]
  3902 | D:5      | Killed Duvessa
  3904 | D:5      | Reached skill level 5 in Stealth
  3905 | D:5      | Mangled by a gnoll

Vault maps used:
D:1:      mrwooster_arrival_statue_3, serial_corexii_hall,
          corexii_hall_statues_s, corexii_hall_statues_l
D:2:      tgw_trog, vehumet_crystals, lemuel_round_altar, first_ration,
          supply_closet_lemuel
D:3:      grunt_temple_overflow_growth_and_decay, tso_altar, marbit_many_paths,
          gammafunk_temple_overflow_wave, minmay_stone_trees_medium,
          minivault_26, nicolae_qazlal_style_of_elements
D:4:      grunt_temple_overflow_champion_of_chaos, kennysheep_mini_moat,
          serial_shops, shop_statue, shop, shop
D:5:      sigmund_army, uniq_eustachio, uniq_duvessa, uniq_menkaure

Skill      XL: |  1  2  3  4  5  6  7 |
---------------+----------------------+-----
Invocations    | 1 2 |  2.9
Short Blades   | 1 2 |  2.6
Axes           | 1 2 |  2.6
Maces & Flails | 1 2 |  2.6
Polearms       | 1 2 |  2.6
Staves         | 1 2 |  2.6
Slings         | 1 2 |  2.6
Bows           | 1 2 |  2.6
Crossbows      | 1 2 |  2.6
Throwing       | 1 2 |  2.6
Armour         | 1 2 |  2.6
Shields        | 1 2 |  2.6
Unarmed Combat | 1 2 |  2.6
Spellcasting   | 1 2 |  2.6
Evocations     | 1 2 |  2.6
Conjurations   | 1 2 |  2.1
Hexes          | 1 2 |  2.1
Charms         | 1 2 |  2.1
Summonings     | 1 2 |  2.1
Necromancy     | 1 2 |  2.1
Translocations | 1 2 |  2.1
Transmutations | 1 2 |  2.1
Fire Magic     | 1 2 |  2.1
Ice Magic      | 1 2 |  2.1
Air Magic      | 1 2 |  2.1
Earth Magic    | 1 2 |  2.1
Poison Magic   | 1 2 |  2.1
Fighting       | 7 |  7.1
Long Blades    | 7 |  7.1
Dodging        | 7 |  7.1
Stealth        | 5 |  5.0

Action                   |  1- 3 |  4- 6 |  7- 9 || total
-------------------------+-------+-------+-------++-------
Melee: Falchion          |   112 |   205 |    43 ||   360
       Bite              |    25 |    29 |     7 ||    61
       Whip              |       |    24 |       ||    24
       Punch             |       |       |     1 ||     1
Invok: Berserk           |       |       |     1 ||     1
       Trog's Hand       |       |       |     1 ||     1
Evoke: Wand              |       |     1 |       ||     1
  Use: Potion            |       |     2 |       ||     2
 Stab: Sleeping          |     4 |    14 |     2 ||    20
  Eat: Chunk             |     1 |     5 |       ||     6
       Ration            |       |     1 |       ||     1
Armor: Robe              |    15 |    36 |     7 ||    58
Dodge: Dodged            |   110 |   161 |    49 ||   320
       Rpst.: Falchion   |    38 |    48 |    14 ||   100

Table legend:
 A = Spawn XP
 B = Non-spawn XP
 C = Spawn XP percentage of total XP
 D = Spawn monster count
 E = Non-spawn monster count
 F = Spawn count percentage of total count
 G = Total turns spent on level
                    A         B        C        D         E        F      G
               +---------+---------+-------+---------+---------+-------+---------
         Total |       0 |    1003 |   0.0 |       0 |     109 |   0.0 |  3905
               +---------+---------+-------+---------+---------+-------+---------
           D:1 |       0 |      49 |   0.0 |       0 |      28 |   0.0 |  1115
           D:2 |       0 |      99 |   0.0 |       0 |      29 |   0.0 |  1050
           D:3 |       0 |      71 |   0.0 |       0 |      21 |   0.0 |   757
           D:4 |       0 |     285 |   0.0 |       0 |      18 |   0.0 |   578
           D:5 |       0 |     499 |   0.0 |       0 |      13 |   0.0 |   405
               +---------+---------+-------+---------+---------+-------+---------

Vault maps used:
D:1:      mrwooster_arrival_statue_3, serial_corexii_hall,
          corexii_hall_statues_s, corexii_hall_statues_l
D:2:      tgw_trog, vehumet_crystals, lemuel_round_altar, first_ration,
          supply_closet_lemuel
D:3:      grunt_temple_overflow_growth_and_decay, tso_altar, marbit_many_paths,
          gammafunk_temple_overflow_wave, minmay_stone_trees_medium,
          minivault_26, nicolae_qazlal_style_of_elements
D:4:      grunt_temple_overflow_champion_of_chaos, kennysheep_mini_moat,
          serial_shops, shop_statue, shop, shop
D:5:      sigmund_army, uniq_eustachio, uniq_duvessa, uniq_menkaure

Table legend:
 A = Turns spent in this place as a percentage of turns spent in the entire game.
 B = Non-inter-level travel turns spent in this place as a percentage of non-inter-level travel turns spent in the entire game.
 C = Inter-level travel turns spent in this place as a percentage of turns spent in this place.
 D = Turns resting spent in this place as a percentage of non-inter-level travel turns spent in this place.
 E = Turns spent auto-exploring this place as a percentage of non-inter-level travel turns spent in this place.
 F = Non-inter-level travel turns spent in this place divided by the number of levels of this place that you've seen.
                   A       B       C       D       E      F
               +-------+-------+-------+-------+-------+----------------------
         Total | 100.0 | 100.0 |   2.3 |  24.3 |  52.2 | 762.8
       Dungeon | 100.0 | 100.0 |   2.3 |  24.3 |  52.2 | 762.8
               +-------+-------+-------+-------+-------+----------------------

Table legend:
 A = Kills in this place as a percentage of kills in entire the game.
 B = Kills by you in this place as a percentage of kills by you in the entire game.
 C = Kills by friends in this place as a percentage of kills by friends in the entire game.
 D = Other kills in this place as a percentage of other kills in the entire game.
 E = Experience gained in this place as a percentage of experience gained in the entire game.
 F = Experience gained in this place divided by the number of levels of this place that you have seen.
                   A       B       C       D       E      F
               +-------+-------+-------+-------+-------+----------------------
         Total | 100.0 | 100.0 |   N/A | 100.0 | 100.0 | 200.6
       Dungeon | 100.0 | 100.0 |   N/A | 100.0 | 100.0 | 200.6
               +-------+-------+-------+-------+-------+----------------------
